AoeStats
← gerard

Oasis

508695301Analyzed
3v3 RM · 10d ago on Sep 23, 2026· 62m 0s· 6 players
Game mode
Random Map
Map size
Normal (6 player)
Population
200
Speed
Normal
Resources
Standard
Victory
Conquest
Starting age
Dark Age
Ending age
Imperial Age
RankedLock teamsTeams togetherTeam positionsShared explorationLock speedFull tech treeHidden civsTurbo modeCheats
Victory
Defeat
🇳🇱 Britons · Netherlands
820
+16
🇳🇱 Spanish · Netherlands
745
+19
🇳🇱 Goths · Netherlands
733
+20
🇮🇳 Byzantines · India
852
-20
🇪🇸 Franks · Spain
817
-18
🇮🇳 Britons · India
787
-17
wmeijerink
15:10 Feudal Age
17:59 Loom
23:11 Castle Age
22:25 Fletching
22:36 Padded Archer Armor
23:36 Forging
24:09 Scale Mail Armor
25:34 Double-Bit Axe
25:31 Horse Collar
27:45 Wheelbarrow
27:54 Town Watch
28:36 Pikeman
29:19 Squires
30:11 Stone Mining
32:21 Leather Archer Armor
33:08 Ballistics
32:45 Gold Mining
33:36 Man-at-Arms
35:33 Heavy Plow
37:42 Bow Saw
38:59 Fortified Wall
40:58 Bodkin Arrow
44:32 Imperial Age
42:54 Crossbowman
44:29 Town Patrol
45:31 Hand Cart
46:42 Two-Man Saw
45:54 Arbalester
48:14 Masonry
47:50 Arrowslits
53:59 Chemistry
53:31 Architecture
57:09 Conscription
57:26 Hoardings
61:28 Architecture
61:21 Capped Ram
goldenshit
1:51 Loom
11:34 Feudal Age
12:57 Wheelbarrow
12:09 Double-Bit Axe
13:55 Horse Collar
20:40 Castle Age
19:19 Gold Mining
19:20 Stone Mining
19:42 Scale Mail Armor
19:54 Forging
22:16 Bow Saw
23:10 Hand Cart
22:41 Town Watch
23:03 Man-at-Arms
24:54 Heavy Plow
24:47 Long Swordsman
26:48 Pikeman
28:05 Town Patrol
30:23 Stone Shaft Mining
31:44 Anarchy
33:43 Chain Mail Armor
37:34 Imperial Age
37:42 Capped Ram
39:16 Halberdier
39:56 Squires
52:54 Perfusion
gerard
6:58 Loom
12:51 Feudal Age
16:13 Double-Bit Axe
18:54 Castle Age
17:45 Horse Collar
22:05 Squires
21:29 Pikeman
29:30 Scale Mail Armor
29:28 Gambesons
29:08 Man-at-Arms
30:05 Town Watch
30:56 Wheelbarrow
33:19 Hand Cart
33:03 Long Swordsman
38:29 Imperial Age
36:22 Ballistics
37:24 Arson
37:56 Forging
37:37 Fletching
38:01 Fortified Wall
37:47 Murder Holes
38:03 Masonry
39:35 Husbandry
39:46 Bloodlines
39:16 Cavalier
42:05 Scale Barding Armor
41:56 Bodkin Arrow
42:53 Town Patrol
43:25 Elite Skirmisher
44:10 Thumb Ring
45:25 Architecture
44:59 Bracer
45:21 Chain Barding Armor
47:18 Conscription
47:35 Hoardings
49:18 Paladin
51:46 Chain Mail Armor
51:32 Padded Archer Armor
51:02 Two-Handed Swordsman
56:54 Plate Barding Armor
56:35 Leather Archer Armor
Aboardable
11:24 Feudal Age
14:02 Double-Bit Axe
14:51 Forging
14:59 Forging
15:27 Loom
17:06 Scale Barding Armor
20:46 Wheelbarrow
26:20 Castle Age
27:29 Scale Barding Armor
36:10 Husbandry
36:46 Bow Saw
39:53 Imperial Age
39:31 Hand Cart
39:56 Chain Barding Armor
40:12 Iron Casting
40:25 Cavalier
41:47 Paladin
52:46 Gold Mining
56:39 Conscription
viharsj27
11:03 Loom
13:02 Feudal Age
13:42 Double-Bit Axe
15:22 Horse Collar
16:16 Gold Mining
16:16 Stone Mining
22:23 Castle Age
23:13 Wheelbarrow
23:35 Bow Saw
24:28 Fletching
24:39 Padded Archer Armor
30:44 Gold Shaft Mining
30:11 Heavy Plow
32:56 Yeomen
37:01 Leather Archer Armor
36:41 Bodkin Arrow
36:57 Forging
36:48 Scale Mail Armor
37:30 Hand Cart
38:57 Husbandry
41:43 Iron Casting
41:24 Chain Mail Armor
44:18 Scale Barding Armor
48:29 Imperial Age
46:41 Pikeman
47:22 Squires
48:54 Cavalier
55:21 Warwolf
59:57 Chemistry
59:18 Ballistics
59:17 Halberdier
boomxboom
5:36 Loom
13:20 Feudal Age
13:52 Double-Bit Axe
15:18 Stone Mining
22:05 Castle Age
26:17 Wheelbarrow
25:47 Crossbowman
28:39 Gold Mining
29:26 Stone Shaft Mining
28:36 Horse Collar
30:43 Caravan
30:56 Caravan
34:15 Imperial Age
33:15 Bow Saw
33:26 Padded Archer Armor
33:17 Fletching
33:35 Thumb Ring
35:25 Conscription
35:44 Murder Holes
35:30 Arbalester
40:11 Cavalier
40:52 Husbandry
41:57 Gold Shaft Mining
41:00 Elite Skirmisher
43:16 Paladin
45:06 Chemistry
52:22 Chemistry
51:43 Ballistics
52:22 Heavy Camel Rider
Connection lost

Rejoining the realm…

Still unreachable

The connection could not be restored.

Session expired

The server has moved on; the page needs a fresh start.